 Dungeon Crawl Stone Soup version 0.15-a0-1950-gbc841a2 (webtiles) character file.

17621 PolkaDot the Bewitcher (level 12, -1/74 HPs)
             Began as a Vampire Enchanter on July 9, 2014.
             Was an Elder of Ashenzari.
             Slain by Urug
             ... wielding a +0 long sword of holy wrath
              (26 damage)
             ... on Level 12 of the Dungeon.
             The game lasted 00:55:25 (14762 turns).

PolkaDot the Bewitcher (Vampire Enchanter)         Turns: 14762, Time: 00:55:25

HP  -1/74        AC 10     Str  8      XL: 12   Next: 20%
MP  29/36        EV 16     Int 21      God: Ashenzari [****..]
Gold 202         SH  0     Dex 14      Spells:  6 memorised,  0 levels left

rFire  . . .     SeeInvis +     q - +4 dagger (curse)
rCold  + + .     Clarity  +     b - +1 robe (curse)
rNeg   + + +     rCorr    .     (no shield)
rPois  +         rRot     +     w - +2 helmet (curse)
rElec  .         Spirit   .     v - +0 cloak {+Inv} (curse)
SustAb .         Warding  .     a - +1 pair of gloves (curse)
rMut   +         Stasis   .     H - +0 pair of boots (curse)
Gourm  .                        I - cursed amulet of resist mutation
MR     +....                    O - ring of magical power
                                f - cursed +1 ring of strength

@: bloodless, non-regenerating, somewhat resistant to hostile enchantments,
incredibly stealthy
A: bottle blood, fangs 3, repulsion field 1, see invisible, unbreathing
a: Bat Form, Bottle Blood, Scrying, Renounce Religion, Evoke Invisibility


You were on level 12 of the Dungeon.
You worshipped Ashenzari.
Ashenzari was greatly pleased with you.
You were bloodless.

You visited 2 branches of the dungeon, and saw 13 of its levels.
You also visited: Ossuary.

You collected 708 gold pieces.
You spent 506 gold pieces at shops.

Inventory:

Hand weapons
 q - a cursed +4 dagger (weapon)
 Q - a +2 dagger of speed
Armour
 a - a cursed +1 pair of gloves (worn)
 b - a cursed +1 robe (worn)
 v - a cursed +0 cloak of darkness (worn)
 w - a cursed +2 helmet (worn)
 H - a cursed +0 pair of boots (worn)
Magical devices
 s - a wand of paralysis (11)
 y - a wand of frost (11)
 K - a wand of enslavement (13) {unknown}
Scrolls
 d - 2 scrolls of immolation
 e - 3 scrolls of enchant armour {unknown}
 g - a scroll of noise
 h - 7 scrolls of teleportation
 j - a scroll of fog
 l - 4 scrolls of enchant weapon {unknown}
 m - a scroll of random uselessness {unknown}
 o - a scroll of silence {unknown}
 r - 5 scrolls of recharging {unknown}
 t - 2 scrolls of blinking {unknown}
 x - a scroll of fear {unknown}
 z - 2 scrolls of acquirement {unknown}
 D - a scroll of holy word {unknown}
 E - 4 scrolls of curse weapon
 F - a scroll of magic mapping {unknown}
 J - 3 scrolls of identify
 M - 3 scrolls of curse armour
Jewellery
 f - a cursed +1 ring of strength (left hand)
 I - a cursed amulet of resist mutation (around neck)
 O - a ring of magical power (right hand)
Potions
 i - 3 potions of heal wounds
 k - 2 potions of resistance
 n - a potion of brilliance
 p - a potion of poison {!q}
 A - 2 potions of magic
 B - a potion of restore abilities {unknown}
 C - 5 potions of might {unknown}
 G - a potion of curing
 L - 2 potions of invisibility
 P - a potion of haste
Books
 u - a book of Annihilations {highlevel, unknown}

   This book is beyond your current level of understanding.

   Spells                             Type                      Level
   Poison Arrow                       Conjuration/Poison           6
   Chain Lightning                    Conjuration/Air              8
   Lehudib's Crystal Spear            Conjuration/Earth            8
   Glaciate                           Conjuration/Ice              9
   Fire Storm                         Conjuration/Fire             9
 N - a book of Debilitation

   Spells                             Type                      Level
   *Corona                            Hexes                        1
   Slow                               Hexes                        2
   Inner Flame                        Hexes/Fire                   3
   *Enslavement                       Hexes                        4
   Cause Fear                         Hexes                        4
   Leda's Liquefaction                Hexes/Earth                  4


   Skills:
 - Level 4.6(8.0) Short Blades
 - Level 2.1(4.8) Dodging
 + Level 15.3(18.3) Stealth
 - Level 2.0 Spellcasting
 + Level 16.0(17.8) Hexes
 - Level 1.3(2.8) Ice Magic
 * Level 12.1(14.1) Evocations


You couldn't memorise any spells.
You knew the following spells:

 Your Spells              Type           Power        Failure   Level  Hunger
a - Corona                Hex            ######.      0%          1    #......
b - Sure Blade            Hex/Chrm       #####.....   1%          2    ##.....
c - Confuse               Hex            ######..     1%          3    ###....
d - Ensorcelled Hibernat  Hex/Ice        #####.       1%          2    ##.....
e - Enslavement           Hex            ######..     1%          4    #####..
s - Dazzling Spray        Conj/Hex       #####...     1%          3    ###....


Dungeon Overview and Level Annotations

Branches:
Dungeon (12/15)            Temple (1/1) D:4             Orc (0/4) D:10
   Lair (0/8) D:9

Altars:
Ashenzari
Cheibriados
Dithmenos
Elyvilon
Fedhas
Gozag
Kikubaaqudgha
Makhleb
Nemelex Xobeh
Okawaru
Qazlal
Sif Muna
Trog
Vehumet
Xom
Yredelemnul
Zin
The Shining One

Shops:
D:6 [   D:7 [   D:10 =

Annotations:
D:12 Urug


Innate Abilities, Weirdness & Mutations

You do not heal naturally.
You can bottle blood from corpses.
You have razor-sharp teeth.*
You have supernaturally acute eyesight.
You can survive without breathing.*
You are surrounded by a mild repulsion field (EV +2).


Message History

Confirm with . or Enter, or press ? or * to list all spells.
Aiming: Ensorcelled Hibernation
Press: ? - help, Shift-Dir - straight line, f - Urug
Aim: Urug, wielding a glowing long sword, wearing a scale mail, quivering 6 javelins and carrying a wand of polymorph Urug resists.
Urug throws a javelin.
The javelin hits you!
Casting: Ensorcelled Hibernation
Confirm with . or Enter, or press ? or * to list all spells.
Aiming: Ensorcelled Hibernation
Press: ? - help, Shift-Dir - straight line, f/p - Urug
Aim: Urug, wielding a glowing long sword, wearing a scale mail, quivering 5 javelins and carrying a wand of polymorph Urug resists.
Casting: Ensorcelled Hibernation
Confirm with . or Enter, or press ? or * to list all spells.
Aiming: Confuse
Press: ? - help, Shift-Dir - straight line, f/p - Urug
Aim: Urug, wielding a glowing long sword, wearing a scale mail, quivering 5 javelins and carrying a wand of polymorph Urug resists with significant effort.
Urug hits you with a glowing long sword!!
You convulse!!
You die...

#### ** ...# ** *
***,, ...# , , ,
,,+ ...# , , * , ,
*, ...# ###### ,,
* * ,,, ...#
#.....###+###+###*
* ...#
#.....o(....#...#
...#
#.....#@....+...#
+#.##### #....
###..###'#########
...#...# ...# *
#..##...........
......<# .., ,
,+...'...........
.......+,
,#...#...........
'###+### ,* *+
###+#...........
........, ,, ,
.......#+###'#
....... ,,, ,
,........#.....#
......., , ,, ,
.........#.....'


You could see Urug.

Vanquished Creatures
  Nergalle (D:12)
  An unseen horror (D:11)
  A hill giant (D:8)
  Pikel (D:9)
  An orc knight (D:12)
  A gargoyle (D:10)
  A troll (D:12)
  A centaur zombie (D:10)
  The ghost of Ales the Skirmisher, an average MiBe of Trog (D:5)
  4 wandering mushrooms (D:9)
  Prince Ribbit (D:6)
  6 slime creatures (D:12)
  A wraith (D:11)
  The ghost of WhatIsLove the Ruinous, an average DECj (D:4)
  9 yaks
  3 hippogriffs
  A wyvern (D:11)
  A warg (D:10)
  Grum (D:9)
  23 ugly things
  A hungry ghost (D:8)
  3 wolves (D:9)
  A sky beast (D:11)
  2 water moccasins (D:8)
  5 ice beasts
  2 orc warriors
  A tengu skeleton (D:10)
  3 black bears
  A yellow wasp (D:9)
  2 phantoms
  A necrophage (D:9)
  2 big kobolds
  6 ogres
  10 giant frogs
  A cyclops skeleton (D:11)
  2 eyes of draining (D:11)
  11 killer bees
  3 scorpions
  2 oklob saplings (D:9)
  An electric eel (D:9)
  A giant frog zombie (D:12)
  A quasit (D:12)
  5 wights (D:11)
  5 bog bodies (Ossuary)
  7 hounds
  5 crimson imps
  2 jellies
  8 orc priests
  8 orc wizards
  A giant frog skeleton (D:6)
  An elf skeleton (D:8)
  A killer bee zombie (D:10)
  9 worker ants
  An ogre zombie (Ossuary)
  A crocodile skeleton (D:9)
  10 mummies (Ossuary)
  A worker ant zombie (Ossuary)
  9 gnolls
  2 scorpion zombies (Ossuary)
  12 adders
  3 shadow imps
  A giant mite (D:4)
  2 goliath beetle zombies (Ossuary)
  A worm (D:3)
  2 adder zombies
  An adder skeleton (D:7)
  31 orcs
  5 ball pythons
  21 bats
  A bat skeleton (D:5)
  2 bat zombies (Ossuary)
  A gnoll zombie (Ossuary)
  9 hobgoblins
  8 jackals
  3 giant cockroaches
  5 giant geckos
  A giant gecko zombie (Ossuary)
  7 giant newts
  11 goblins
  2 goblin zombies (Ossuary)
  A hobgoblin zombie (Ossuary)
  25 kobolds
  A kobold skeleton (D:6)
  2 kobold zombies
  An orc zombie (Ossuary)
  A quokka (D:9)
  9 rats
  A rat zombie (Ossuary)
  10 ballistomycetes (D:10)
378 creatures vanquished.

Vanquished Creatures (collateral kills)
  A hound (D:10)
  A giant spore (D:10)
2 creatures vanquished.

Vanquished Creatures (others)
  3 slaves
  An ogre skeleton (D:11)
  A plant (Ossuary)
5 creatures vanquished.

Grand Total: 385 creatures vanquished

Notes
Turn   | Place    | Note
--------------------------------------------------------------
     0 | D:1      | PolkaDot, the Vampire Enchanter, began the quest for the Orb.
     0 | D:1      | Reached XP level 1. HP: 13/13 MP: 3/3
   287 | D:1      | Reached XP level 2. HP: 8/19 MP: 2/4
   616 | D:1      | Gained mutation: You are surrounded by a mild repulsion field (EV +2). [potion of beneficial mutation]
   822 | D:1      | Learned a level 2 spell: Ensorcelled Hibernation
  1392 | D:2      | Reached XP level 3. HP: 22/24 MP: 6/6
  1397 | D:2      | Learned a level 3 spell: Confuse
  1441 | D:2      | Reached skill level 1 in Ice Magic
  1996 | D:3      | Reached skill level 5 in Hexes
  2483 | D:3      | Reached XP level 4. HP: 30/30 MP: 4/7
  2940 | D:3      | Reached skill level 6 in Hexes
  3027 | D:3      | Reached skill level 5 in Stealth
  3027 | D:3      | Reached XP level 5. HP: 35/35 MP: 6/9
  3660 | D:4      | Reached skill level 7 in Hexes
  3815 | D:4      | Noticed an ogre
  3818 | D:4      | Killed an ogre
  3818 | D:4      | Reached XP level 6. HP: 41/41 MP: 10/10
  3921 | D:4      | Found a staircase to the Ecumenical Temple.
  3927 | Temple   | Entered the Ecumenical Temple
  3941 | Temple   | Became a worshipper of Ashenzari the Shackled
  4110 | D:4      | Noticed WhatIsLove's ghost (average DECj)
  4130 | D:4      | Killed WhatIsLove's ghost
  4130 | D:4      | Reached skill level 8 in Hexes
  4207 | D:4      | Reached skill level 9 in Hexes
  4242 | D:4      | Noticed an orc warrior
  4272 | D:4      | Killed an orc warrior
  4272 | D:4      | Reached XP level 7. HP: 46/46 MP: 7/12
  4683 | D:5      | Entered Level 5 of the Dungeon
  4832 | D:5      | Noticed Ales' ghost (average MiBe)
  4861 | D:5      | Killed Ales' ghost
  4861 | D:5      | Reached skill level 10 in Hexes
  4961 | D:5      | Reached XP level 8. HP: 41/52 MP: 8/13
  5110 | D:5      | Reached skill level 11 in Hexes
  5567 | D:6      | Found Clupa's Armour Shop.
  5604 | D:6      | Bought a +0 cloak of darkness for 126 gold pieces
  5604 | D:6      | Bought a +2 helmet for 181 gold pieces
  5716 | D:6      | Learned a level 4 spell: Enslavement
  5717 | D:6      | Found a sand-covered staircase.
  5722 | Ossuary  | Entered an ossuary
  5860 | Ossuary  | Reached skill level 1 in Evocations
  7023 | D:6      | Acquired Ashenzari's first power
  7069 | D:6      | Noticed Prince Ribbit
  7248 | D:6      | Killed Prince Ribbit
  7248 | D:6      | Reached skill level 12 in Hexes
  7474 | D:6      | Reached XP level 9. HP: 57/57 MP: 14/14
  7647 | D:6      | Reached skill level 10 in Stealth
  7695 | D:7      | Found Ganij's Antique Armour Shoppe.
  8210 | D:7      | Reached skill level 5 in Evocations
  9022 | D:8      | Noticed a hill giant
  9041 | D:8      | Killed a hill giant
  9041 | D:8      | Reached skill level 13 in Hexes
  9227 | D:8      | Reached XP level 10. HP: 63/63 MP: 20/20
  9503 | D:9      | Found a burning altar of Makhleb.
  9504 | D:9      | Found a shimmering altar of Xom.
  9530 | D:9      | Noticed Pikel
  9543 | D:9      | Killed Pikel
  9605 | D:9      | Acquired Ashenzari's second power
  9658 | D:9      | Found a staircase to the Lair.
  9658 | D:9      | Noticed Grum
  9671 | D:9      | Killed Grum
 10008 | D:9      | Found a blossoming altar of Fedhas.
 10307 | D:9      | Reached skill level 14 in Hexes
 10480 | D:10     | Entered Level 10 of the Dungeon
 10760 | D:10     | Learned a level 3 spell: Dazzling Spray
 11042 | D:10     | Found Meahiac's Jewellery Shop.
 11233 | D:10     | Reached XP level 11. HP: 68/68 MP: 18/23
 11330 | D:10     | Found a staircase to the Orcish Mines.
 11699 | D:7      | Bought a polished helmet for 199 gold pieces
 11699 | D:7      | Identified the cursed -1 helmet of the Good {Str+5 Dex+1} (You bought it in a shop on level 7 of the Dungeon)
 12146 | D:11     | Reached skill level 10 in Evocations
 12460 | D:11     | Noticed an unseen horror
 12468 | D:11     | Killed an unseen horror
 12603 | D:11     | Reached skill level 15 in Hexes
 13207 | D:11     | Acquired Ashenzari's third power
 14241 | D:12     | Noticed Nergalle
 14248 | D:12     | Killed Nergalle
 14248 | D:12     | Reached skill level 15 in Stealth
 14248 | D:12     | Reached XP level 12. HP: 74/74 MP: 26/26
 14442 | D:12     | Learned a level 2 spell: Sure Blade
 14590 | D:12     | Reached skill level 16 in Hexes
 14758 | D:12     | Noticed Urug
 14762 | D:12     | Slain by Urug

Action                   |  1- 3 |  4- 6 |  7- 9 | 10-12 || total
-------------------------+-------+-------+-------+-------++-------
Melee: Dagger            |    73 |   104 |   349 |   389 ||   915
 Cast: Corona            |    12 |       |     2 |       ||    14
       Ensorcelled Hiber |    19 |    31 |    54 |    67 ||   171
       Confuse           |       |     2 |    37 |    10 ||    49
       Enslavement       |       |       |       |     5 ||     5
 Abil: Evoke Invisibilit |       |       |     7 |    18 ||    25
       End Transformatio |       |       |     1 |     1 ||     2
       Bat Form          |       |       |     1 |     1 ||     2
       Turn Visible      |       |       |     2 |    13 ||    15
Evoke: Wand              |       |       |     2 |       ||     2
  Use: Scroll            |     4 |     7 |    10 |     3 ||    24
       Potion            |     3 |     1 |     5 |     1 ||    10
 Stab: Sleeping          |    19 |    28 |    75 |   110 ||   232
       Invisible         |       |     3 |     3 |    36 ||    42
       Confused          |       |     1 |    22 |     9 ||    32
       Distracted        |       |       |     1 |     2 ||     3
  Eat: Corpse            |       |       |     1 |       ||     1
